 Dungeon Sprint DCSS version 0.28-a0-119-ga52ba8600a (webtiles) character file.

Game seed: 16032972926441150207

114 lagrange the Chucker (level 4, 0/48 HPs)
             Began as a Troll Hunter on Aug 13, 2021.
             Killed from afar by Sigmund (10 damage)
             ... with a puff of flame
             ... in the Dungeon (Sprint I: "Red Sonja").
             The game lasted 00:03:11 (107 turns).

lagrange the Chucker (Troll Hunter)                  Turns: 107, Time: 00:03:13

Health: 0/48       AC:  4    Str: 21    XL:     4   Next: 66%
Magic:  3/3        EV: 10    Int:  7    God:
Gold:   0          SH:  0    Dex: 10    Spells: 3/3 levels left

rFire   . . .      SeeInvis .     - Unarmed
rCold   . . .      Faith    .   (no shield)
rNeg    . . .      Spirit   .   b - +0 robe
rPois   .          Reflect  .   (helmet restricted)
rElec   .          Harm     .   (no cloak)
rCorr   .          Rampage  .   (gloves unavailable)
Will    .....      NoTele   +   (boots unavailable)
Stlth   +.........              (no amulet)
HPRegen 1.16/turn               (no ring)
MPRegen 0.08/turn               (no ring)

@: lethally poisoned (0 -> -18)
A: large, unfitting armour, claws 3, regeneration 1, shaggy fur 1, tough skin 1
a: no special abilities


You were in the Dungeon.
You visited 1 branch

Inventory:

Hand Weapons
 a - a +0 short sword
Missiles
 c - a large rock (quivered)
Armour
 b - a +0 robe (worn)
Wands
 d - a wand of digging (5)
Scrolls
 j - a scroll of blinking
Potions
 g - a potion of haste
 h - 2 potions of magic


   Skills:
 + Level 3.6 Fighting
 + Level 6.8 Throwing
 + Level 3.6 Dodging
 - Level 0.3 Stealth
 + Level 3.5 Unarmed Combat


You had 3 spell levels left.
You didn't know any spells.
Your spell library was empty.

Dungeon Overview and Level Annotations

Branches:
Dungeon (1/1)

Altars:

Annotations:
D Sigmund


Innate Abilities, Weirdness & Mutations

You are too large for most types of armour.
You have claws for hands.
Your natural rate of healing is unusually fast.
You are covered in fur. (AC +1)
You have tough skin. (AC +1)


Message History

You are poisoned.
Drop what? 8/52 slots (_ for help) (? for menu, Esc to quit)
Okay, then.
You scratch something.
You feel very sick. Something hits you!
You scratch something but do no damage.
You feel sick.
You hear some strange, mumbled words.
You are confused.
You're too confused to move!
You feel sick. Something hits you.
You are more poisoned.
You don't have any such object.
Fire/throw which item? (* to show all) (? for menu, Esc to quit)
Non-targeted confused throw: 2 large rocks
Press: ? - help, Dir - look around, f - activate You throw a large rock.
You feel extremely sick. Something hits you!
* * * LOW HITPOINT WARNING * * *
You are more poisoned.
Something hits you.
* * * LOW HITPOINT WARNING * * *
You are more poisoned.
You feel much better.
You feel very sick. Something hits you.
You are more poisoned.
Okay, then.
You scratch something.
You feel very sick. Something hits you.
You are lethally poisoned!
You scratch something but do no damage.
You feel less confused.
* * * LOW HITPOINT WARNING * * *
You feel extremely sick.
You hear a zap.
A puff of flame appears from out of thin air!
The puff of flame hits you!
You die...

#############
#<.#..').#..+
#..)..#..@{(#
#..#####'####
#..# #$$#
#..# ####
#..# #⌠⌠#
####


There were no monsters in sight!

Vanquished Creatures
  An ogre (D)
  Ijyb (D)
2 creatures vanquished.

Notes
Turn   | Place    | Note
-------+----------+-------------------------------------------
     0 | D        | lagrange the Troll Hunter began the quest for the Orb.
     0 | D        | Reached XP level 1. HP: 19/19 MP: 0/0
     3 | D        | Noticed Ijyb
    28 | D        | Killed Ijyb
    29 | D        | Reached skill level 5 in Throwing
    29 | D        | Reached skill level 1 in Unarmed Combat
    29 | D        | Reached XP level 2. HP: 16/28 MP: 1/1
    70 | D        | Noticed an ogre
    78 | D        | Killed an ogre
    79 | D        | Reached skill level 6 in Throwing
    79 | D        | Reached XP level 3. HP: 39/39 MP: 2/2
    79 | D        | Reached XP level 4. HP: 48/48 MP: 3/3
    84 | D        | Noticed Sigmund
   104 | D        | HP: 2/48 [something (1)]
   107 | D        | Killed from afar by Sigmund

Illustrated notes

Levels and vault maps discovered:
D:        dungeon_sprint_1 [red_sonja_temple_1, red_sonja_temple_small_1]

Skill      XL: |  1  2 |
---------------+-------+-----
Fighting       | 2 3 |  3.6
Throwing       | 5 6 |  6.8
Dodging        | 2 3 |  3.6
Unarmed Combat | 1 3 |  3.5
Stealth        | |  0.3

Action                   |  1- 3 |  4- 6 || total
-------------------------+-------+-------++-------
Melee: Unarmed           |    24 |     6 ||    30
Throw: Large rock        |     4 |     4 ||     8
       Throwing net      |     3 |       ||     3
  Use: Potion            |     1 |     2 ||     3
Armor: Robe              |     3 |       ||     3
Dodge: Dodged            |     7 |     2 ||     9

Table legend: (Time is in decaauts)
 A = Elapsed time spent in this place.
 B = Non-inter-level travel time spent in this place.
 C = Inter-level travel time spent in this place.
 D = Time resting spent in this place.
 E = Time spent auto-exploring this place.
 F = Levels seen in this place.
 G = Mean time per level.
                   A        B        C        D        E       F      G
               +--------+--------+--------+--------+--------+-----+--------+
         Total |    120 |    120 |      0 |     43 |      0 |   1 |  120.0 |
       Dungeon |    120 |    120 |      0 |     43 |      0 |   1 |  120.0 |
               +--------+--------+--------+--------+--------+-----+--------+

Top non-repeatable levels by time:
       D: 120 daAuts
